 Dungeon Crawl Stone Soup version 0.24-a0-498-ge00f04a389 (console) character file.

Game seed: 8479579834304184914

55 CarlRobert the Shield-Bearer (level 3, -3/31 HPs)
             Began as a Minotaur Fighter on July 14, 2019.
             Slain by a gnoll
             ... wielding a +0 whip
              (8 damage)
             ... on level 2 of the Dungeon.
             The game lasted 00:06:28 (902 turns).

CarlRobert the Shield-Bearer (Minotaur Fighter)      Turns: 902, Time: 00:06:28

Health: -3/31      AC:  6    Str: 21    XL:     3   Next: 67%
Magic:  2/2        EV:  7    Int:  5    God:
Gold:   99         SH: 10    Dex:  9    Spells: 2/2 levels left

rFire    . . .     SeeInvis .   a - +0 long sword
rCold    . . .     Gourm    .   c - +1 shield
rNeg     . . .     Faith    .   b - +0 scale mail
rPois    .         Spirit   .   (helmet restricted)
rElec    .         Reflect  .   (no cloak)
rCorr    .         Harm     .   g - -2 pair of gloves (curse)
MR       .....                  (no boots)
Stlth    ..........             (no amulet)
HPRegen  0.10/turn              i - ring of attention (curse)
MPRegen  0.08/turn              (no ring)

@: no status effects
A: retaliatory headbutt, horns 2
a: no special abilities


You were on level 2 of the Dungeon.
You were not hungry.

You visited 1 branch of the dungeon, and saw 2 of its levels.

You collected 99 gold pieces.

Inventory:

Hand Weapons
 a - a +0 long sword (weapon)
Armour
 b - a +0 scale mail (worn)
 c - a +1 shield (worn)
 g - a cursed -2 pair of gloves (worn)
 j - a +0 pair of gloves
Jewellery
 i - a cursed ring of attention (left hand)
Potions
 d - 2 potions of might
 e - 2 potions of cancellation {unknown}
 h - a potion of flight {unknown}
 k - a potion of magic {unknown}
Comestibles
 f - 3 rations


   Skills:
 - Level 3.6 Fighting
 + Level 3.9 Long Blades
 - Level 3.6 Armour
 + Level 4.7 Shields


You had 2 spell levels left.
You didn't know any spells.
Your spell library was empty.

Dungeon Overview and Level Annotations

Branches:
Dungeon (2/15)

Altars:


Innate Abilities, Weirdness & Mutations

You reflexively headbutt those who attack you in melee.
You have a pair of horns on your head.


Message History

You block the gnoll's attack.
You hit the gnoll.
The gnoll is severely wounded.
You block the gnoll's attack. x2
The gnoll hits you from afar with a +0 spear.
You hit the gnoll.
The gnoll is almost dead.
The gnoll closely misses you.
You riposte.
You hit the gnoll.
You kill the gnoll!
The gnoll hits you but does no damage.
You closely miss the gnoll. The gnoll closely misses you.
The gnoll hits you with a +0 whip.
Your shield and scale mail prevent you from hitting the gnoll.
The gnoll hits you but does no damage. x2
You slash the gnoll!
The gnoll is severely wounded.
The gnoll hits you from afar with a +0 spear.
* * * LOW HITPOINT WARNING * * *
The gnoll hits you with a +0 whip!
You die...

.##.####..##....#####
....................##.
.....<...#.............
....................###
.###..#..#.....!....#
.# ............?...#
... .#####..........#
.## ## #..!.[.....$#
..# #.....>.@..## ...
#.#.####.g## #.#. ##g.#
# #.# .# .# .#


You could see 2 gnolls.

Vanquished Creatures
  A gnoll (D:2)
  An ooze (D:2)
  A worm (D:2)
  A leopard gecko (D:2)
  2 giant cockroaches (D:1)
  A goblin (D:1)
  10 hobgoblins
  A ball python (D:1)
  5 bats
  5 kobolds
  8 rats
36 creatures vanquished.

Notes
Turn   | Place    | Note
-------+----------+-------------------------------------------
     0 | D:1      | CarlRobert the Minotaur Fighter began the quest for the
                  | Orb.
     0 | D:1      | Reached XP level 1. HP: 19/19 MP: 0/0
   102 | D:1      | Reached skill level 4 in Shields
   104 | D:1      | Reached XP level 2. HP: 21/26 MP: 1/1
   680 | D:2      | Reached XP level 3. HP: 24/31 MP: 2/2
   902 | D:2      | Slain by a gnoll

Levels and vault maps discovered:
D:1:      nicolae_arrival_somewhat_less_tricky_arrival, layout_loops_ring,
          minmay_tromino_v7
D:2:      layout_rooms, serial_curves, eino_curves_04, eino_curves_04

Skill      XL: |  1 |
---------------+----+-----
Shields        | 4 |  4.7
Long Blades    | 3 |  3.9
Fighting       | |  3.6
Armour         | |  3.6

Action                   || total
-------------------------++-------
Melee: Long sword        ||    91
       Headbutt          ||    10
  Use: Scroll            ||     4
Armor: Scale mail        ||    47
Dodge: Dodged            ||    25
Block: Shield            ||    52
       Rpst.: Long sword ||     6

Table legend:
 A = Non-vault XP
 B = Vault XP
 C = Vault XP percentage of total XP
 D = Non-vault monster count
 E = Vault monster count
 F = Vault count percentage of total count
                 A         B        C        D         E       F
            +---------+---------+-------+---------+---------+-------
      Total |      75 |       4 |   5.1 |      34 |       2 |   5.6
            +---------+---------+-------+---------+---------+-------
        D:1 |      31 |       4 |  11.4 |      20 |       2 |   9.1
        D:2 |      44 |       0 |   0.0 |      14 |       0 |   0.0
            +---------+---------+-------+---------+---------+-------
